 Dungeon Crawl Stone Soup version 0.21.1-1-g345015f (webtiles) character file.

388 Fang the Chopper (level 6, -6/58 HPs)
             Began as a Gargoyle Berserker on June 14, 2018.
             Was a Believer of Trog.
             Mangled by dedward's ghost (7 damage)
             ... on level 3 of the Dungeon.
             The game lasted 00:02:36 (2310 turns).

Fang the Chopper (Gargoyle Berserker)               Turns: 2310, Time: 00:02:36

Health: -6/58      AC:  6    Str: 27    XL:     6   Next: 79%
Magic:  6/6        EV: 13    Int:  8    God:    Trog [**....]
Gold:   68         SH:  0    Dex:  9    Spells: 5/5 levels left

rFire    . . .     SeeInvis .   a - +0 hand axe
rCold    . . .     Gourm    .   (no shield)
rNeg     + . .     Faith    .   b - +0 animal skin
rPois    ∞         Spirit   .   (no helmet)
rElec    +         Reflect  .   (no cloak)
rCorr    .         Harm     .   (no gloves)
MR       .....                  (no boots)
Stlth    ..........             (no amulet)
HPRegen  0.19/turn              m - ring of stealth
MPRegen  0.10/turn              (no ring)

@: berserking, very quick
A: negative energy resistance 1, electricity resistance, unbreathing,
petrification resistance, rot immunity, AC +4
a: Berserk, Trog's Hand, Burn Spellbooks, Renounce Religion


You were on level 3 of the Dungeon.
You worshipped Trog.
Trog was pleased with you.
You were near starving.

You visited 1 branch of the dungeon, and saw 3 of its levels.

You collected 68 gold pieces.

Inventory:

Hand Weapons
 a - a +0 hand axe (weapon)
Armour
 b - a +0 animal skin (worn)
Jewellery
 m - a ring of stealth (left hand)
 t - a cursed ring of loudness {unknown}
Wands
 s - a wand of polymorph (14)
Scrolls
 f - 6 scrolls of remove curse {unknown}
 g - a scroll of amnesia {unknown}
 h - a scroll of identify {unknown}
 j - a scroll of fear {unknown}
 k - a scroll of enchant armour {unknown}
 l - a scroll of teleportation {unknown}
 q - a scroll of magic mapping {unknown}
 r - 3 scrolls of enchant weapon {unknown}
Potions
 d - a potion of curing
 e - a potion of flight {unknown}
 i - a potion of heal wounds {unknown}
 n - a potion of resistance {unknown}
 o - a potion of haste {unknown}
 p - 2 potions of invisibility {unknown}
Comestibles
 c - 2 rations


   Skills:
 + Level 4.6 Fighting
 + Level 4.9 Axes
 + Level 2.3 Armour
 + Level 3.1 Dodging
 + Level 1.8 Stealth


You had 5 spell levels left.
You didn't know any spells.

Dungeon Overview and Level Annotations

Branches:
Dungeon (3/15)

Altars:

Annotations:
D:3 dedward's ghost, amateur TrMo


Innate Abilities, Weirdness & Mutations

You are resistant to torment.
Your stone body is resilient. (AC +4)
You are immune to poison.
You resist negative energy. (rN+)
You are resistant to electric shocks. (rElec)
You can survive without breathing.
You are immune to petrification.
You are immune to rotting.


Message History

You slash dedward's ghost!
Dedward's ghost is moderately damaged.
Dedward's ghost closely misses you.
You barely miss dedward's ghost.
Dedward's ghost is moderately damaged.
Dedward's ghost misses you.
You hit dedward's ghost.
Dedward's ghost is heavily damaged.
A bat comes into view.
You hit dedward's ghost.
Dedward's ghost is heavily damaged.
Dedward's ghost hits you!
* * * LOW HITPOINT WARNING * * *
You hit dedward's ghost.
Dedward's ghost is severely damaged.
Dedward's ghost misses you.
You closely miss dedward's ghost.
Dedward's ghost is severely damaged.
The bat closely misses you. Dedward's ghost hits you!
You die...

.......PP..#...#
(.).......+##..#
####..⌠..## ##.#
........###..#
.........#...#
########......###
......>...........
.........†.......#
......≈W@≈.......#
≈.≈.≈≈≈b≈.≈......#
≈≈≈≈≈≈≈≈≈≈≈###...#
≈≈≈≈≈≈≈≈≈≈.# ...#
≈≈≈≈≈≈≈≈≈.≈# ..#
≈≈≈≈..≈≈≈..#
≈≈≈♣_≈≈≈≈≈.#
≈≈≈.≈♣≈≈≈...


You could see dedward's ghost and a bat.

Vanquished Creatures
  Grinder (D:3)
  Natasha (thrice) (D:2)
  4 gnolls (D:2)
  2 adders (D:2)
  4 worms
  A dart slug (D:2)
  2 ball pythons
  2 giant cockroaches
  4 goblins
  6 hobgoblins
  3 kobolds
  2 quokkas (D:2)
  11 bats
  4 frilled lizards
  3 rats
52 creatures vanquished.

Notes
Turn   | Place    | Note
-------+----------+-------------------------------------------
     0 | D:1      | Fang the Gargoyle Berserker began the quest for the Orb.
     0 | D:1      | Reached XP level 1. HP: 14/14 MP: 1/1
    96 | D:1      | Reached XP level 2. HP: 19/19 MP: 2/2
   438 | D:1      | Reached XP level 3. HP: 17/24 MP: 3/3
   632 | D:2      | Reached ** piety under Trog
   801 | D:2      | Reached XP level 4. HP: 12/29 MP: 4/4
  1300 | D:2      | Noticed Natasha
  1311 | D:2      | Killed Natasha
  1311 | D:2      | Reached skill level 1 in Stealth
  1574 | D:2      | Reached XP level 5. HP: 13/33 MP: 5/5
  1878 | D:2      | Noticed Natasha
  1894 | D:2      | Killed Natasha
  1984 | D:2      | Noticed Natasha
  1989 | D:2      | Killed Natasha
  2036 | D:3      | Noticed Grinder
  2040 | D:3      | Paralysed by Grinder for 3 turns
  2058 | D:3      | Killed Grinder
  2058 | D:3      | Reached XP level 6. HP: 20/39 MP: 6/6
  2290 | D:3      | Found a faded altar of an unknown god.
  2292 | D:3      | Noticed dedward's ghost (amateur TrMo)
  2308 | D:3      | HP: 1/58 [dedward's ghost (15)]
  2310 | D:3      | Mangled by dedward's ghost

Skill      XL: |  1  2  3  4  5 |
---------------+----------------+-----
Axes           | 3 4 |  4.9
Dodging        | 2 3 |  3.1
Fighting       | 4 |  4.6
Stealth        | 1 |  1.8
Armour         | |  2.3

Action                   |  1- 3 |  4- 6 || total
-------------------------+-------+-------++-------
Melee: Hand axe          |    80 |    90 ||   170
Invok: Berserk           |     3 |     6 ||     9
 Stab: Sleeping          |       |     1 ||     1
  Eat: Chunk             |     2 |     3 ||     5
       Ration            |       |     2 ||     2
Armor: Animal skin       |    46 |    18 ||    64
Dodge: Dodged            |    77 |    60 ||   137
